BR
RANCHO CUCAMONGA SICK MONKEYS @ WASHINGTON DC HOT SAUCE
09/12/2026
 
TOP OF THE 1ST
Rancho Cucamonga Sick Monkeys batting - Pitching for Washington DC Hot Sauce : LHP Matt Hull
Pitching: LHP Matt Hull
Batting: RHB Keith Sheehan 0-0: Foul Ball, location: 2F
0-1: Ball
1-1: Foul Ball, location: 2F
1-2: SINGLE (Line Drive, 8RS)
Batting: RHB Tony Long 0-0: SINGLE (Groundball, 5L)
Keith Sheehan to second
Batting: RHB Roger Rush 0-0: Ball
1-0: Ball
2-0: Grounds into double play, 5-4-3 (Groundball, 5)
Keith Sheehan to third
Batting: RHB Francisco Domínguez 0-0: Ball
1-0: Foul Ball, location: 2F
1-1: Hit by Pitch
Batting: LHB Oliver Cruz 0-0: SINGLE (Popup, 4MD)
Keith Sheehan scores
Francisco Domínguez to second
Batting: RHB Jorge Flores 0-0: Fly out, F3 (Popup, 3F)
Top of the 1st over - 1 run(s), 3 hit(s), 0 error(s), 2 left on base; Rancho Cucamonga 1 - Washington DC 0
BOTTOM OF THE 1ST
Washington DC Hot Sauce batting - Pitching for Rancho Cucamonga Sick Monkeys : LHP Jon Bridges
Pitching: LHP Jon Bridges
Batting: RHB Javier González 0-0: Ground out 6-3 (Groundball, 6M)
Batting: LHB Arturo Silva 0-0: Called Strike
0-1: Ball
1-1: Foul Ball, location: 2F
1-2: Ball
2-2: Ball
3-2: Strikes out swinging
Batting: LHB John White 0-0: DOUBLE (Line Drive, 7LM)
Batting: RHB Jesús Ramírez 0-0: Ball
1-0: Foul Ball, location: 2F
1-1: Ball
2-1: SINGLE (Groundball, 56D)
John White to third
Runner from 3rd tries for Home, SAFE, throw made home
Batting: RHB Júlio García 0-0: Ground out 1-3 (Groundball, 15)
Bottom of the 1st over - 1 run(s), 2 hit(s), 0 error(s), 1 left on base; Rancho Cucamonga 1 - Washington DC 1
TOP OF THE 2ND
Rancho Cucamonga Sick Monkeys batting - Pitching for Washington DC Hot Sauce : LHP Matt Hull
Batting: RHB Ed Jackson 0-0: Ball
1-0: Ground out 5-3 (Groundball, 5)
Batting: RHB Dan McKay 0-0: Fly out, F8 (Flyball, 8LM)
Batting: LHB Amaro Chucha 0-0: Ball
1-0: DOUBLE (Line Drive, 9LS)
Batting: RHB Keith Sheehan 0-0: Swinging Strike
0-1: Ground out 4-3 (Groundball, 34)
Top of the 2nd over - 0 run(s), 1 hit(s), 0 error(s), 1 left on base; Rancho Cucamonga 1 - Washington DC 1
BOTTOM OF THE 2ND
Washington DC Hot Sauce batting - Pitching for Rancho Cucamonga Sick Monkeys : LHP Jon Bridges
Batting: LHB Pedro Camacho 0-0: Ball
1-0: Ball
2-0: SOLO HOME RUN (Flyball, 8RXD), Distance : 449 ft
Batting: RHB Matt O'Rourke 0-0: Fly out, F5 (Popup, 5DF)
Batting: LHB Esteban Zamora 0-0: Ball
1-0: Called Strike
1-1: Ground out 5-3 (Groundball, 56S)
Batting: RHB Jake Reeves 0-0: SINGLE (Line Drive, 6MD)
Batting: RHB Javier González 0-0: Fly out, F8 (Flyball, 8RM)
Bottom of the 2nd over - 1 run(s), 2 hit(s), 0 error(s), 1 left on base; Rancho Cucamonga 1 - Washington DC 2
TOP OF THE 3RD
Rancho Cucamonga Sick Monkeys batting - Pitching for Washington DC Hot Sauce : LHP Matt Hull
Batting: RHB Tony Long 0-0: Swinging Strike
0-1: Swinging Strike
0-2: Ball
1-2: Foul Ball, location: 2F
1-2: Ball
2-2: Foul Ball, location: 2F
2-2: Ball
3-2: Foul Ball, location: 2F
3-2: Fly out, F7 (Flyball, 78M)
Batting: RHB Roger Rush 0-0: Swinging Strike
0-1: Swinging Strike
0-2: Foul Ball, location: 2F
0-2: Ground out 1-3 (Groundball, 13S)
Batting: RHB Francisco Domínguez 0-0: SINGLE (Groundball, 6MD) (infield hit)
Batting: LHB Oliver Cruz 0-0: Swinging Strike
0-1: Called Strike
0-2: Ball
1-2: Strikes out swinging
Top of the 3rd over - 0 run(s), 1 hit(s), 0 error(s), 1 left on base; Rancho Cucamonga 1 - Washington DC 2
BOTTOM OF THE 3RD
Washington DC Hot Sauce batting - Pitching for Rancho Cucamonga Sick Monkeys : LHP Jon Bridges
Batting: LHB Arturo Silva 0-0: Ground out U3 (Groundball, 3)
Batting: LHB John White 0-0: Ball
1-0: Fly out, F7 (Flyball, 7M)
Batting: RHB Jesús Ramírez 0-0: Foul Ball, location: 2F
0-1: Ground out 6-3 (Groundball, 6M)
Bottom of the 3rd over - 0 run(s), 0 hit(s), 0 error(s), 0 left on base; Rancho Cucamonga 1 - Washington DC 2
TOP OF THE 4TH
Rancho Cucamonga Sick Monkeys batting - Pitching for Washington DC Hot Sauce : LHP Matt Hull
Batting: RHB Jorge Flores 0-0: Called Strike
0-1: Fly out, F3 (Popup, 3D)
Batting: RHB Ed Jackson 0-0: Called Strike
0-1: Ground out 4-3 (Groundball, 34)
Batting: RHB Dan McKay 0-0: Called Strike
0-1: Ball
1-1: Ball
2-1: SINGLE (Groundball, 25) (infield hit)
Batting: LHB Amaro Chucha 0-0: Called Strike
0-1: Ball
1-1: Ball
2-1: Foul Ball, location: 2F
2-2: Strikes out swinging
Top of the 4th over - 0 run(s), 1 hit(s), 0 error(s), 1 left on base; Rancho Cucamonga 1 - Washington DC 2
BOTTOM OF THE 4TH
Washington DC Hot Sauce batting - Pitching for Rancho Cucamonga Sick Monkeys : LHP Jon Bridges
Batting: RHB Júlio García 0-0: Called Strike
0-1: Called Strike
0-2: Ball
1-2: Foul Ball, location: 2F
1-2: Foul Ball, location: 2F
1-2: SINGLE (Flyball, 78S)
Batting: LHB Pedro Camacho 0-0: Ball
1-0: Ball
2-0: Ground out 3-1 (Groundball, 34S)
Júlio García to second
Batting: RHB Matt O'Rourke 0-0: Ball
1-0: Foul Ball, location: 2F
1-1: Ball
2-1: Ball
3-1: Hit by Pitch
Batting: LHB Esteban Zamora 0-0: Ball
1-0: Called Strike
1-1: Ball
2-1: Called Strike
2-2: SINGLE (Flyball, 5L)
Júlio García to third
Matt O'Rourke to second
Runner from 3rd tries for Home, SAFE, no throw or cutoff
Batting: RHB Jake Reeves 0-0: Ball
1-0: Foul Ball, location: 2F
1-1: Ball
2-1: DOUBLE (Flyball, 7LS)
Matt O'Rourke scores
Esteban Zamora to third
Batting: RHB Javier González 0-0: Ball
1-0: Hit by Pitch
Batting: LHB Arturo Silva 0-0: Called Strike
0-1: Ball
1-1: Ball
2-1: SINGLE (Groundball, 4MD)
Esteban Zamora scores
Jake Reeves to third
Javier González to second
Throwing error, E8
Jake Reeves scores
Javier González to third
Arturo Silva to second
Batting: LHB John White 0-0: Ball
1-0: Foul Ball, location: 2F
1-1: Ball
2-1: Ball
3-1: Base on Balls
Pitching: LHP Pedro Castro
Batting: RHB Jesús Ramírez 0-0: Ball
1-0: Foul Ball, location: 2F
1-1: GRAND SLAM HOME RUN (Flyball, 7LD), Distance : 341 ft
Batting: RHB Júlio García 0-0: Called Strike
0-1: Ball
1-1: DOUBLE (Flyball, 78M)
Batting: LHB Pedro Camacho 0-0: Ball
Júlio García steals 3rd base
1-0: Foul Ball, location: 2F
1-1: Called Strike
1-2: Ball
2-2: Ball
3-2: Base on Balls
Batting: RHB Matt O'Rourke 0-0: Ball
Pedro Camacho steals 2nd base
1-0: SINGLE (Line Drive, 8RS)
Júlio García scores
Pedro Camacho to third
Runner from 3rd tries for Home, throw and OUT!
Matt O'Rourke to second
Batting: LHB Esteban Zamora 0-0: Swinging Strike
0-1: Foul Ball, location: 2F
0-2: Ball
1-2: Ball
2-2: Strikes out swinging
Bottom of the 4th over - 9 run(s), 7 hit(s), 1 error(s), 1 left on base; Rancho Cucamonga 1 - Washington DC 11
TOP OF THE 5TH
Rancho Cucamonga Sick Monkeys batting - Pitching for Washington DC Hot Sauce : LHP Matt Hull
Batting: RHB Keith Sheehan 0-0: Bunted foul
0-1: Foul Ball, location: 2F
0-2: Foul Ball, location: 2F
0-2: Ball
1-2: Foul Ball, location: 2F
1-2: Ground out 5-3 (Groundball, 5S)
Batting: RHB Tony Long 0-0: Fly out, F7 (Flyball, 7M)
Batting: RHB Roger Rush 0-0: DOUBLE (Flyball, 8LXD)
Batting: RHB Francisco Domínguez 0-0: Ball
1-0: Ball
2-0: Foul Ball, location: 2F
2-1: SINGLE (Groundball, 56)
Roger Rush to third
Runner from 3rd tries for Home, SAFE, no throw or cutoff
Batting: LHB Oliver Cruz 0-0: Fly out, F6 (Popup, 6D)
Top of the 5th over - 1 run(s), 2 hit(s), 0 error(s), 1 left on base; Rancho Cucamonga 2 - Washington DC 11
BOTTOM OF THE 5TH
Washington DC Hot Sauce batting - Pitching for Rancho Cucamonga Sick Monkeys : LHP Pedro Castro
Batting: RHB Jake Reeves 0-0: Ball
1-0: Called Strike
1-1: Ball
2-1: Foul Ball, location: 2F
2-2: Foul Ball, location: 2F
2-2: Ground out 1-3 (Groundball, 13)
Batting: RHB Javier González 0-0: SINGLE (Groundball, 5D)
Batting: LHB Arturo Silva 0-0: Foul Ball, location: 2F
0-1: SINGLE (Groundball, 6MD)
Javier González to second
Runner from 2nd tries for 3rd, SAFE, no throw or cutoff
Batting: LHB John White 0-0: Ball
1-0: Foul Ball, location: 2F
1-1: Fly out, F9 (Popup, 9S)
Batting: RHB Jesús Ramírez 0-0: Called Strike
0-1: Called Strike
0-2: Ball
1-2: Ball
2-2: Ball
3-2: Base on Balls
Arturo Silva to second
Batting: RHB Júlio García 0-0: Foul Ball, location: 2F
0-1: Ball
1-1: Ground out 1-3 (Groundball, 25)
Bottom of the 5th over - 0 run(s), 2 hit(s), 0 error(s), 3 left on base; Rancho Cucamonga 2 - Washington DC 11
TOP OF THE 6TH
Rancho Cucamonga Sick Monkeys batting - Pitching for Washington DC Hot Sauce : LHP Matt Hull
Batting: RHB Jorge Flores 0-0: Ball
1-0: Ball
2-0: Ball
3-0: Called Strike
3-1: SINGLE (Flyball, 8LS)
Batting: RHB Ed Jackson 0-0: Called Strike
0-1: Foul Ball, location: 2F
0-2: Ball
1-2: Strikes out swinging
Batting: RHB Dan McKay 0-0: Ball
1-0: SINGLE (Groundball, 56D)
Jorge Flores to second
Batting: LHB Amaro Chucha 0-0: Swinging Strike
0-1: Foul Ball, location: 2F
0-2: Foul Ball, location: 2F
0-2: Foul Ball, location: 2F
0-2: Foul Ball, location: 2F
0-2: Ball
1-2: Ball
2-2: Ball
3-2: Strikes out swinging
Pitching: RHP Andrés Franco
Batting: RHB Keith Sheehan 0-0: Called Strike
0-1: SINGLE (Flyball, 8LS)
Jorge Flores to third
Dan McKay to second
Runner from 3rd tries for Home, SAFE, no throw or cutoff
Batting: RHB Tony Long 0-0: Called Strike
0-1: Called Strike
0-2: Ball
1-2: Foul Ball, location: 2F
1-2: Strikes out swinging
Top of the 6th over - 1 run(s), 3 hit(s), 0 error(s), 2 left on base; Rancho Cucamonga 3 - Washington DC 11
BOTTOM OF THE 6TH
Washington DC Hot Sauce batting - Pitching for Rancho Cucamonga Sick Monkeys : LHP Pedro Castro
Batting: LHB Pedro Camacho 0-0: Ball
1-0: Ball
2-0: Called Strike
2-1: SINGLE (Groundball, 4M)
Batting: RHB Matt O'Rourke 0-0: SINGLE (Line Drive, 56D)
Pedro Camacho to second
Batting: LHB Esteban Zamora 0-0: Hit by Pitch
Pedro Camacho to third
Matt O'Rourke to second
Batting: RHB Jake Reeves 0-0: Foul Ball, location: 2F
0-1: Called Strike
0-2: Ball
1-2: Ball
2-2: Ball
3-2: Foul Ball, location: 2F
3-2: Base on Balls
Pedro Camacho scores
Matt O'Rourke to third
Esteban Zamora to second
Pitching: LHP Ángel Árias
Batting: RHB Javier González 0-0: Swinging Strike
0-1: Foul Ball, location: 2F
0-2: Strikes out swinging
Batting: LHB Arturo Silva 0-0: Ball
1-0: Ball
2-0: Foul Ball, location: 2F
2-1: Swinging Strike
2-2: Ball
3-2: Foul Ball, location: 2F
3-2: Foul Ball, location: 2F
3-2: Strikes out swinging
Batting: LHB John White 0-0: Ball
1-0: Ball
2-0: DOUBLE (Groundball, 5L)
Matt O'Rourke scores
Esteban Zamora scores
Jake Reeves to third
Batting: RHB Jesús Ramírez 0-0: Ball
1-0: Swinging Strike
1-1: Ball
2-1: Ball
3-1: Foul Ball, location: 2F
3-2: Foul Ball, location: 2F
3-2: Ground out 6-3 (Groundball, 6M)
Bottom of the 6th over - 3 run(s), 3 hit(s), 0 error(s), 2 left on base; Rancho Cucamonga 3 - Washington DC 14
TOP OF THE 7TH
Rancho Cucamonga Sick Monkeys batting - Pitching for Washington DC Hot Sauce : RHP Andrés Franco
Batting: RHB Roger Rush 0-0: Swinging Strike
0-1: Swinging Strike
0-2: Strikes out swinging
Batting: RHB Francisco Domínguez 0-0: Fly out, F8 (Flyball, 8LD)
Pinch Hitting: LHB Will O'Dell 0-0: Called Strike
0-1: Ball
1-1: Foul Ball, location: 2F
1-2: Strikes out swinging
Top of the 7th over - 0 run(s), 0 hit(s), 0 error(s), 0 left on base; Rancho Cucamonga 3 - Washington DC 14
BOTTOM OF THE 7TH
Washington DC Hot Sauce batting - Pitching for Rancho Cucamonga Sick Monkeys : LHP Ángel Árias
Now in RF: Will O'Dell
Batting: RHB Júlio García 0-0: Ball
1-0: Foul Ball, location: 2F
1-1: Foul Ball, location: 2F
1-2: Ball
2-2: Ground out 6-3 (Groundball, 6M)
Batting: LHB Pedro Camacho 0-0: Foul Ball, location: 2F
0-1: Foul Ball, location: 2F
0-2: Ball
1-2: Strikes out swinging
Batting: RHB Matt O'Rourke 0-0: Ball
1-0: Ball
2-0: Called Strike
2-1: Foul Ball, location: 2F
2-2: Ball
3-2: Ground out 5-3 (Groundball, 56)
Bottom of the 7th over - 0 run(s), 0 hit(s), 0 error(s), 0 left on base; Rancho Cucamonga 3 - Washington DC 14
TOP OF THE 8TH
Rancho Cucamonga Sick Monkeys batting - Pitching for Washington DC Hot Sauce : RHP Andrés Franco
Now at SS: Conner Riley
Batting: RHB Jorge Flores 0-0: Ball
1-0: Called Strike
1-1: Swinging Strike
1-2: Foul Ball, location: 2F
1-2: Fly out, F4 (Popup, 6MD)
Batting: RHB Ed Jackson 0-0: Ball
1-0: Foul Ball, location: 2F
1-1: Ball
2-1: Swinging Strike
2-2: Strikes out swinging
Batting: RHB Dan McKay 0-0: Ball
Single, Error in OF, E9, batter to second base
Batting: LHB Amaro Chucha 0-0: Reached on error, E6 (Groundball, 6)
Dan McKay scores
Batting: RHB Keith Sheehan 0-0: Fly out, F7 (Flyball, 78M)
Top of the 8th over - 1 run(s), 1 hit(s), 2 error(s), 1 left on base; Rancho Cucamonga 4 - Washington DC 14
BOTTOM OF THE 8TH
Washington DC Hot Sauce batting - Pitching for Rancho Cucamonga Sick Monkeys : LHP Ángel Árias
Batting: LHB Esteban Zamora 0-0: Ball
1-0: SINGLE (Line Drive, 56)
Pitching: LHP Armando Alvarado
Batting: RHB Jake Reeves 0-0: Sac Bunt - play at first, batter OUT! 5-3
Esteban Zamora to second
Batting: RHB Javier González 0-0: Ball
1-0: Foul Ball, location: 2F
1-1: Fly out, F6 (Popup, 6M)
Batting: LHB Arturo Silva 0-0: SINGLE (Groundball, 6MD)
Esteban Zamora to third
Runner from 3rd tries for Home, SAFE, no throw or cutoff
Batting: LHB John White 0-0: Swinging Strike
0-1: Ground out 4-3 (Groundball, 4)
Bottom of the 8th over - 1 run(s), 2 hit(s), 0 error(s), 1 left on base; Rancho Cucamonga 4 - Washington DC 15
TOP OF THE 9TH
Rancho Cucamonga Sick Monkeys batting - Pitching for Washington DC Hot Sauce : RHP Andrés Franco
Now at C: Manuel Martínez
Now at 3B: Juan Vélez
Batting: RHB Tony Long 0-0: Called Strike
0-1: TRIPLE (Flyball, 78XD)
Batting: RHB Roger Rush 0-0: Called Strike
0-1: Called Strike
0-2: Ball
1-2: Strikes out swinging
Batting: RHB Francisco Domínguez 0-0: Ball
1-0: Swinging Strike
1-1: Foul Ball, location: 2F
1-2: Ball
2-2: Foul Ball, location: 2F
2-2: Ball
3-2: Ground out 6-3 (Groundball, 56)
Tony Long scores
Pinch Hitting: LHB Carl Hayden 0-0: Ball
1-0: Called Strike
1-1: Swinging Strike
1-2: Strikes out swinging
Top of the 9th over - 1 run(s), 1 hit(s), 0 error(s), 0 left on base; Rancho Cucamonga 5 - Washington DC 15
Monday, December 5th, 2016 - OOTP Baseball 17.12 Build 75